Map: Ascension to Aiur LE

Players

Stephano - Winner!

  • Race: Zerg Zerg
  • Spawn Location: 5:00

HateMe

  • Race: Zerg Zerg
  • Spawn Location: 11:00

Event: WCS Valencia 2017

VOD

Have the link to the VOD?

Description

Time

  • Played on: July 13, 2017, 2:20 p.m.
  • Length: 17:27

All games in this series

Show
View Real Time Build Order
Export as new Build Order

Stephano Zerg - Winner!

Build Orders: Hatch First 

Get SALT Encoding   

  12  0:01  Drone  
  13  0:12  Overlord  
  13  0:17  Drone  
  14  0:30  Drone  
  14  0:31  Drone  
  14  0:34  Drone  
  17  0:52  Hatchery  
  17  0:54  Drone  
  17  0:57  Extractor  
  16  0:59  Drone  
  17  1:12  Spawning Pool  
  17  1:16  Drone  
  17  1:20  Drone  
  18  1:28  Drone  
  19  1:38  Overlord  
  19  1:59  Queen  
  19  2:00  Zergling x4  
  23  2:02  Metabolic Boost  
  23  2:04  Queen  
  23  2:07  Drone  
  26  2:12  Drone  
  26  2:15  Drone  
  28  2:27  Drone  
  28  2:28  Drone  
  30  2:36  Zergling x2  
  31  2:42  Hatchery  
  30  2:46  Baneling Nest  
  30  2:48  Overlord  
  29  2:53  Drone  
  29  2:57  Zergling x2  
  31  3:04  Zergling x2  
  32  3:08  Drone x2  
  32  3:09  Drone  
  35  3:16  Queen  
  35  3:17  Zergling x2  
  38  3:21  Zergling x4  
  40  3:27  Zergling x4  
  40  3:33  Baneling x3  
  42  3:37  Drone x2  
  44  3:51  Overlord  
  44  3:54  Overlord  
  40  4:08  Zergling x10  
  42  4:14  Zergling x6  
  42  4:15  Zergling x6  
  46  4:20  Drone x3  
  46  4:23  Baneling x2  
  49  4:26  Queen  
  49  4:29  Zergling x6  
  49  4:30  Baneling  
  54  4:31  Baneling  
  54  4:37  Drone x2  
  56  4:39  Drone x2  
  56  4:41  Drone  
  59  4:52  Drone x2  
  60  4:53  Drone x2  
  60  4:55  Drone  
  60  4:58  Drone x2  
  65  5:01  Extractor x2  
  65  5:03  Roach Warren  
  62  5:14  Drone x2  
  62  5:17  Drone x2  
  62  5:21  Drone x2  
  64  5:22  Drone x2  
  64  5:32  Zergling x10  
  65  5:38  Drone, Overlord  
  65  5:42  Evolution Chamber  
  61  5:46  Zergling x10  
  61  5:47  Overlord  
  66  5:51  Baneling x4  
  66  5:52  Baneling  
  66  5:57  Roach x3  
  66  5:58  Roach  
  73  6:11  Roach  
  73  6:12  Roach x3  
  73  6:14  Overlord, Zerg Missile Weapons Level 1  
  80  6:18  Lair  
  80  6:22  Drone  
  80  6:23  Overlord x3  
  81  6:25  Extractor  
  81  6:26  Extractor  
  81  6:27  Drone x2  
  81  6:31  Overlord  
  81  6:35  Drone x2  
  81  6:36  Drone  
  81  6:37  Drone x2  
  86  6:49  Overlord  
  85  7:00  Drone, Overlord  
  85  7:01  Drone x4  
  83  7:03  Drone  
  83  7:04  Drone x3  
  83  7:06  Roach  
  83  7:08  Extractor  
  84  7:17  Roach x6  
  84  7:19  Hatchery  
  84  7:22  Roach x3  
  99  7:23  Roach x2  
  99  7:25  Glial Reconstitution  
  99  7:27  Roach  
  99  7:29  Roach  
  103  7:31  Roach  
  103  7:33  Roach  
  103  7:36  Overseer  
  107  7:42  Drone x3  
  110  7:45  Overlord  
  110  7:48  Roach x4  
  118  7:52  Roach x3  
  118  7:56  Overlord  
  118  7:58  Roach x2  
  128  8:00  Roach  
  128  8:03  Roach  
  132  8:10  Zerg Missile Weapons Level 2, Evolution Chamber  
  132  8:11  Roach x2  
  135  8:14  Drone x3  
  135  8:15  Drone  
  139  8:23  Drone x2, Overlord  
  139  8:26  Roach x2  
  149  8:27  Roach x2  
  149  8:29  Ravager x2  
  149  8:30  Ravager  
  152  8:37  Zerg Ground Armor Level 1  
  152  8:39  Burrow  
  152  8:40  Overlord  
  152  8:43  Tunneling Claws, Overlord  
  152  8:47  Roach x2  
  156  8:51  Pneumatized Carapace  
  156  8:54  Roach x2  
  160  8:56  Roach  
  160  8:58  Extractor, Roach  
  160  9:00  Ravager  
  160  9:01  Roach  
  168  9:03  Roach  
  168  9:10  Roach x2  
  168  9:11  Roach x2  
  168  9:13  Roach  
  168  9:14  Roach  
  182  9:17  Roach  
  182  9:18  Overseer  
  182  9:20  Roach  
  182  9:23  Overlord x2  
  184  9:42  Roach x2  
  184  9:43  Roach x6  
  200  9:59  Roach  
  200  10:00  Overseer, Roach  
  200  10:03  Roach x2  
  198  10:14  Roach x3  
  198  10:15  Roach x4  
  198  10:16  Roach x3  
  198  10:19  Roach x3  
  198  10:20  Roach x2  
  194  10:23  Roach x3  
  193  10:32  Roach  
  193  10:33  Roach x7  
  193  10:35  Roach x5  
  189  10:36  Roach x2  
  189  10:37  Roach  
  189  10:38  Roach x5  
  187  10:53  Roach x10  
  187  10:58  Roach x6  
  187  11:02  Roach x3  
  187  11:03  Extractor  
  184  11:09  Roach  
  184  11:10  Roach x6  
  184  11:11  Zerg Ground Armor Level 2  
  186  11:13  Hydralisk Den  
  186  11:18  Roach x6  
  179  11:21  Unknown  
  179  11:22  Unknown x3, Roach x4  
  183  11:28  Roach  
  183  11:29  Roach  
  183  11:30  Ravager x4  
  187  11:35  Roach x15  
  197  11:48  Roach x2  
  197  11:58  Roach x2  
  199  12:02  Muscular Augments  
  179  12:14  Roach x16  
  155  12:24  Roach x2  
  155  12:29  Roach x5  
  157  12:43  Spine Crawler  
  156  12:44  Spine Crawler  
  156  12:46  Spine Crawler  
  156  12:47  Hydralisk x5  
  156  12:48  Hydralisk x5  
  174  12:57  Spine Crawler x2  
  172  12:58  Roach x10  
  172  13:01  Overseer  
  172  13:07  Hatchery  
  172  13:09  Hydralisk x4  
  172  13:10  Hydralisk x4  
  187  13:18  Roach x4  
  181  13:32  Drone x3  
  181  13:33  Drone x3  
  185  13:36  Roach x5  
  195  13:45  Spine Crawler  
  195  13:47  Spine Crawler  
  193  13:50  Ravager x2  
  193  13:51  Ravager x5  
  200  13:59  Spine Crawler  
  200  14:01  Roach  
  187  14:30  Infestation Pit  
  186  14:32  Drone x8  
  194  14:44  Roach x5  
  192  14:47  Drone  
  193  15:01  Drone x7, Spine Crawler x2  
  193  15:02  Spine Crawler  
  197  15:08  Overseer  
  197  15:16  Hive  
  197  15:23  Roach x8  
  197  15:39  Unknown x4  
  197  15:59  Infestor x2  
  197  16:02  Infestor  
  199  16:09  Infestor  
  195  16:11  Ravager x3  
  195  16:12  Ravager x2  
  195  16:17  Ravager x3  
  200  16:20  Unknown  
  200  16:25  Unknown  
  200  16:34  Unknown x2  
  200  16:56  Hatchery  
Show
View Real Time Build Order
Export as new Build Order

HateMe Zerg 

Build Orders: Hatch First 

Get SALT Encoding   

  12  0:02  Drone  
  13  0:13  Overlord  
  13  0:17  Drone  
  14  0:31  Drone x2  
  16  0:36  Drone  
  17  0:51  Hatchery  
  17  0:55  Drone  
  17  0:58  Drone  
  17  1:00  Extractor  
  17  1:13  Spawning Pool  
  17  1:17  Drone  
  17  1:20  Drone  
  18  1:29  Drone  
  19  1:41  Overlord  
  19  1:52  Drone  
  20  1:59  Queen  
  22  2:01  Metabolic Boost  
  22  2:03  Queen  
  22  2:05  Zergling x2  
  22  2:07  Zergling x2  
  26  2:12  Zergling x2  
  27  2:16  Drone  
  27  2:22  Drone  
  29  2:30  Drone  
  29  2:33  Drone  
  31  2:42  Hatchery  
  30  2:45  Drone  
  31  2:51  Baneling Nest  
  31  2:53  Drone  
  31  3:05  Overlord  
  31  3:10  Drone x3  
  31  3:11  Drone  
  36  3:20  Drone, Overlord  
  36  3:28  Zergling x8  
  36  3:29  Zergling x2  
  41  3:35  Baneling x2  
  41  3:37  Queen  
  42  3:44  Zergling x6  
  42  3:46  Baneling  
  42  3:48  Baneling x2  
  45  3:52  Baneling  
  44  3:56  Zergling x2  
  44  3:57  Zergling x6  
  39  4:12  Drone  
  39  4:13  Drone x4  
  39  4:20  Drone x3  
  42  4:24  Drone  
  42  4:31  Drone x3  
  44  4:32  Drone  
  44  4:35  Drone  
  44  4:37  Drone  
  49  4:40  Drone  
  49  4:57  Evolution Chamber  
  48  5:00  Overlord x2  
  48  5:05  Zergling x2  
  48  5:06  Zergling x16  
  55  5:17  Zergling x4  
  55  5:18  Zergling x2  
  54  5:23  Zergling x16  
  54  5:28  Drone x3  
  54  5:37  Zerg Missile Weapons Level 1  
  54  5:40  Extractor  
  54  5:41  Roach Warren  
  51  5:43  Baneling x2  
  51  5:46  Overlord  
  51  5:47  Drone  
  51  5:48  Drone x2  
  54  5:54  Lair  
  55  5:57  Drone x3  
  55  5:59  Drone  
  55  6:01  Drone  
  59  6:11  Drone x7  
  62  6:17  Queen  
  62  6:26  Extractor, Overlord x2  
  62  6:27  Roach x2  
  62  6:29  Roach  
  62  6:31  Roach  
  68  6:33  Roach  
  68  6:38  Roach x2  
  73  6:42  Baneling x2  
  73  6:45  Roach  
  73  6:46  Roach x3  
  81  6:54  Roach x3  
  86  6:59  Roach x2  
  84  7:05  Drone x4  
  87  7:08  Overlord  
  87  7:09  Overlord  
  87  7:13  Drone  
  88  7:17  Drone x2  
  88  7:20  Drone  
  85  7:24  Glial Reconstitution  
  85  7:28  Extractor  
  84  7:31  Drone x3  
  84  7:32  Extractor x2  
  84  7:36  Zerg Missile Weapons Level 2  
  85  7:38  Overlord  
  85  7:39  Drone x3  
  85  7:40  Drone x4  
  92  7:44  Drone x2  
  92  7:47  Drone x2  
  96  7:57  Drone x2  
  98  8:00  Drone  
  99  8:07  Infestation Pit, Drone, Overlord  
  99  8:08  Overlord  
  99  8:09  Overlord  
  99  8:11  Pneumatized Carapace  
  99  8:12  Hatchery, Roach  
  100  8:15  Roach  
  100  8:16  Roach  
  100  8:19  Roach  
  106  8:20  Roach  
  106  8:21  Roach  
  106  8:24  Roach  
  106  8:25  Roach  
  114  8:27  Roach  
  114  8:31  Roach  
  118  8:35  Roach x2  
  118  8:36  Roach  
  118  8:37  Roach  
  118  8:40  Overlord  
  126  8:42  Roach x2  
  126  8:43  Infestor  
  126  8:46  Infestor  
  134  8:53  Infestor  
  136  8:57  Roach  
  136  8:59  Roach x2  
  136  9:02  Roach x2  
  146  9:11  Overseer  
  146  9:13  Overseer  
  146  9:16  Burrow  
  146  9:18  Overlord x3  
  146  9:26  Overlord  
  146  9:27  Roach x3  
  146  9:28  Overseer  
  152  9:33  Overlord x2  
  152  9:39  Ravager x3  
  152  9:40  Roach  
  152  9:41  Roach  
  152  9:43  Roach  
  152  9:44  Roach x2  
  165  9:47  Roach  
  165  9:48  Overlord x2  
  165  9:49  Roach x2  
  165  9:52  Roach  
  173  9:53  Roach  
  173  9:55  Roach x2  
  173  9:59  Roach x2  
  183  10:03  Roach x3  
  189  10:19  Roach x5  
  183  10:39  Drone  
  183  10:40  Drone x9  
  174  10:45  Overseer  
  174  10:46  Overseer  
  174  10:47  Tunneling Claws, Drone x8  
  174  10:48  Zerg Ground Armor Level 1, Drone x4  
  175  10:53  Roach  
  156  11:00  Ravager, Roach  
  144  11:11  Roach x2  
  146  11:32  Roach x9  
  162  11:43  Roach  
  163  11:50  Roach x2  
  167  11:57  Roach  
  167  11:58  Roach x2  
  173  12:02  Roach x3  
  169  12:12  Roach  
  169  12:13  Roach x2  
  141  12:16  Roach x2  
  141  12:20  Roach  
  125  12:25  Roach  
  125  12:26  Roach x2  
  125  12:27  Roach x2  
  129  12:35  Ravager  
  129  12:36  Roach x3  
  136  12:37  Roach x27  
  136  12:46  Roach x6  
  136  12:47  Roach x4  
  148  12:51  Roach x2  
  148  12:55  Roach x2  
  148  12:56  Roach  
  148  12:57  Roach  
  150  12:59  Roach x2  
  150  13:02  Roach x2  
  150  13:03  Roach  
  152  13:07  Roach x3  
  148  13:17  Roach  
  148  13:18  Roach x3  
  156  13:27  Ravager x3  
  155  13:37  Roach x5  
  161  13:41  Roach x13  
  161  13:46  Roach  
  165  13:50  Roach  
  167  14:01  Roach x4  
  175  14:05  Unknown x3  
  175  14:06  Unknown x8, Roach  
  175  14:09  Roach  
  177  14:11  Roach  
  177  14:16  Roach x2  
  181  14:17  Roach  
  181  14:23  Roach x3  
  173  14:30  Roach x2  
  175  14:33  Roach  
  175  14:37  Infestor  
  179  14:42  Infestor  
  179  14:46  Infestor  
  179  14:56  Infestor  
  179  14:58  Unknown  
  181  15:03  Hatchery  
  180  15:08  Infestor  
  180  15:11  Overlord  
  182  15:14  Roach  
  182  15:19  Roach  
  186  15:24  Overlord  
  186  15:32  Ravager x3  
  189  15:49  Ravager  
  192  15:50  Ravager x2  
  192  16:00  Infestor  
  192  16:10  Roach x6  
  200  16:18  Unknown  
  200  16:22  Unknown x2  
  149  17:25  Unknown x8  
Tags
 
Add a new tag
Caveats
  • Supply blocks, unpowered buildings, or Contaminate may cause inaccurate times.
  • Supply counts are checked every 10 seconds.